 Dungeon Crawl Stone Soup version 0.30-a0-802-gb92711bcdf (console) character file.

Game seed: 16352259667936063646

52107 jejorda2 the Impaler (level 14, -1/121 HPs)
             Began as a Merfolk Berserker on Feb 24, 2023.
             Was a High Priest of Trog.
             Succumbed to a meliai's poison
             ... on level 12 of the Dungeon.
             The game lasted 00:45:27 (17205 turns).

jejorda2 the Impaler (Merfolk Berserker)           Turns: 17205, Time: 00:45:28

Health: -1/121     AC: 29    Str: 21    XL:     14   Next: 62%
Magic:  14/14      EV: 10    Int:  8    God:    Trog [*****.]
Gold:   439        SH:  0    Dex: 13    Spells: 13/13 levels left

rFire   + . .      SeeInvis .    a - +2 bardiche (flame)
rCold   + . .      Faith    .    (shield currently unavailable)
rNeg    . . .      Spirit   .    D - +7 storm dragon scales of the Meadowlark {rElec rCorr}
rPois   .          Reflect  .    s - +2 helmet
rElec   +          Harm     .    (no cloak)
rCorr   +          Rampage  .    J - +0 pair of gloves
Will    +....                    i - +2 pair of boots Stlth
                                 G - amulet of regeneration
HPRegen 1.20/turn                t - ring of protection from fire
MPRegen 0.14/turn                E - ring of protection from cold

@: lethally poisoned (-1 -> -10), studying Fighting
A: (nimble swimmer 2), mertail
a: Renounce Religion, Berserk, Trog's Hand, Brothers in Arms


You were on level 12 of the Dungeon.
You worshipped Trog.
Trog was extremely pleased with you.
You visited 2 branches of the dungeon, and saw 18 of its levels.
You also visited: Bailey.

You collected 1219 gold pieces.
You spent 780 gold pieces at shops.

Inventory:

Hand Weapons
 a - a +2 bardiche of flaming (weapon)
 b - a +2 antimagic halberd
Missiles
 e - 113 stones
 m - 6 curare-tipped darts
 u - 73 poisoned darts
 w - 2 throwing nets
 x - 13 atropa-tipped darts
 C - 6 datura-tipped darts
 K - 24 boomerangs (quivered)
 S - 2 silver boomerangs
 U - 6 javelins
Armour
 i - a +2 pair of boots (worn)
 s - a +2 helmet (worn)
 D - the +7 storm dragon scales of the Meadowlark (worn) {rElec rCorr}
   (You acquired it on level 1 of the Lair of Beasts)

   rElec:     It insulates you from electricity.
   rCorr:     It protects you from acid and corrosion.
 J - a +0 pair of gloves (worn)
Jewellery
 t - a ring of protection from fire (left hand)
 E - a ring of protection from cold (right hand)
 G - an amulet of regeneration (around neck)
 M - the ring "Purro" {Ice Str+2}
   (You found it on level 5 of the Lair of Beasts)

   [ring of ice]

   It enhances your ice magic.
   Str:       It affects your strength (+2).
   rF:        It makes you vulnerable to fire.
   rC:        It protects you from cold.
 P - a ring of fire
Wands
 q - a wand of iceblast (20)
 y - a wand of digging (5)
 z - a wand of quicksilver (20)
 F - a wand of polymorph (4)
 N - a wand of flame (41)
 Q - a wand of mindburst (8)
 T - a wand of paralysis (6)
Scrolls
 f - a scroll of magic mapping
 g - 2 scrolls of fog
 l - 3 scrolls of fear
 o - 11 scrolls of teleportation
 B - a scroll of blinking
 H - 2 scrolls of identify
 V - a scroll of enchant armour
Potions
 c - 13 potions of ambrosia
 d - 2 potions of mutation
 h - 9 potions of curing
 j - 6 potions of attraction
 k - 3 potions of heal wounds
 n - 2 potions of resistance
 p - 2 potions of invisibility
 r - 2 potions of lignification
 v - 5 potions of might
 A - 2 potions of flight
 L - 5 potions of cancellation
 O - 3 potions of haste


   Skills:
 + Level 14.6 Fighting
 + Level 20.0 Polearms
 - Level 12.0 Throwing
 * Level 8.8 Armour
 - Level 5.1 Dodging
 - Level 6.0 Evocations


You had 13 spell levels left.
You didn't know any spells.
Your spell library was empty.

Dungeon Overview and Level Annotations

Branches:
Dungeon (13/15)            Temple (0/1) D:6            Lair (5/5) D:10
 Shoals (0/4) Lair:3        Snake (0/4) Lair:2        Slime (0/5) Lair:5
    Orc (0/2) D:9          Bailey (visited)
 Vaults: D:13-14

Altars:
Dithmenos
Makhleb
Yredelemnul
Jiyva

Shops:
D:10 **

Annotations:
D:3 2 transporters, oldplebian's ghost, amateur MiBe
D:10 4 runed translucent doors, exclusion: door, lotum's ghost, journeyman DsHW


Innate Abilities, Weirdness & Mutations

((You are very nimble when in or above water. (Stealth+, EV+, Speed+++)))
Your lower body shifts to a powerful aquatic tail in water.


Message History

The meliai calls down the wrath of its god upon you.
Something smites you! The meliai barely misses you.
The meliai stings you but does no damage.
The meliai hits you but does no damage. The meliai closely misses you.
The meliai calls upon its god to heal the meliai.
The meliai is healed somewhat.
A six-headed hydra comes into view.
The six-headed hydra roars!
You slash the meliai! You burn the meliai.
The meliai is severely wounded.
You feel very sick. The meliai hits you but does no damage.
The meliai stings you but does no damage.
The meliai hits you with a +0 hand axe.
The meliai stings you but does no damage.
The meliai calls down the wrath of its god upon you.
Something smites you!
The meliai calls down the wrath of its god upon you.
Something smites you!
The meliai calls down the wrath of its god upon you.
Something smites you! The meliai hits you with a +0 hand axe.
The meliai stings you but does no damage.
You are too injured to fight recklessly!
You are too injured to fight recklessly!
You are too injured to fight recklessly!
You feel very sick.
The meliai mumbles some strange prayers to its god against you.
Something smites you!
* * * LOW HITPOINT WARNING * * *
The meliai hits you but does no damage. The meliai closely misses you. x2
The meliai stings you.
* * * LOW HITPOINT WARNING * * *
The meliai hits you with a +0 hand axe!
* * * LOW HITPOINT WARNING * * *
The meliai stings you but does no damage.
The meliai misses you. The meliai stings you!
* * * LOW HITPOINT WARNING * * *
The meliai hits you but does no damage. The meliai closely misses you.
You climb upwards.
You die...

........##.# #..#..# #.#
#.###.#.##.# #..#..#### #.#
......#.##.# #..#.....# #.#
......#.##.# #....###.# #.#
......#.##.## #..### #.######.##
.......[....# #..# #..........
...<..#.##..# #..# ########.##
............####y.############.#
...............y@y.............#
#.#########.#####.##############
..# #.......# ### #########


You could see 3 meliai.

Vanquished Creatures
  9 hydras
  2 two-headed ogres
  4 catoblepae
  7 death yaks (Lair:5)
  2 skysharks
  Amaemon (D:11)
  2 ugly things
  An oklob plant (Lair:3)
  A cyclops (D:11)
  A merfolk siren (Lair:3)
  2 manticores (Lair:5)
  10 elephants
  5 black mambas
  10 cane toads
  An orange demon (D:11)
  3 gargoyles
  4 rime drakes
  An unseen horror (D:12)
  2 kobold demonologists (D:12)
  7 komodo dragons
  A polar bear (Lair:1)
  2 trolls
  A hornet (Lair:3)
  A queen bee (D:9)
  70 yaks
  4 wyverns
  5 basilisks
  2 wraiths
  A steam dragon (Lair:1)
  4 nagas (Lair:2)
  2 acid dragons
  16 water moccasins
  2 ice beasts
  9 orc warriors
  2 sky beasts (D:8)
  2 black bears
  8 wolves
  3 centaurs
  11 kobold brigands
  3 phantoms
  13 bullfrogs
  2 gnoll sergeants
  A scorpion (D:4)
  7 wights
  29 killer bees
  2 howler monkeys
  3 electric eels
  2 jellies
  13 orc priests
  2 gnoll boudas (D:5)
  2 hounds
  9 orc wizards
  Jessica (D:3)
  2 iguanas
  7 hell rats (Lair:5)
  Robin (D:3)
  17 gnolls
  7 adders
  A shadow imp (D:5)
  3 white imps
  An ufetubus (D:3)
  2 worms
  3 dart slugs
  42 orcs
  10 ball pythons
  5 bats
  11 endoplasms
  3 giant cockroaches
  19 goblins
  3 hobgoblins
  9 jackals
  38 kobolds
  3 quokkas (D:2)
  3 frilled lizards (D:1)
  7 rats
507 creatures vanquished.

Vanquished Creatures (others)
  17 fungi
  34 plants
51 creatures vanquished.

Grand Total: 558 creatures vanquished

Notes
Turn   | Place    | Note
-------+----------+-------------------------------------------
     0 | D:1      | jejorda2 the Merfolk Berserker began the quest for the Orb.
     0 | D:1      | Reached XP level 1. HP: 18/18 MP: 1/1
   203 | D:1      | Reached XP level 2. HP: 20/24 MP: 2/2
   530 | D:1      | Reached XP level 3. HP: 29/29 MP: 3/3
   538 | D:1      | Reached ** piety under Trog
   795 | D:1      | Reached skill level 5 in Polearms
  1126 | D:2      | Reached XP level 4. HP: 36/37 MP: 4/4
  2146 | D:3      | Noticed a necrophage
  2158 | D:3      | Noticed oldplebian's ghost (amateur MiBe)
  2211 | D:3      | Found a transporter.
  2243 | D:3      | Noticed Jessica
  2248 | D:3      | Killed Jessica
  2249 | D:3      | Reached skill level 6 in Polearms
  2249 | D:3      | Reached XP level 5. HP: 42/42 MP: 5/5
  2349 | D:3      | Found a faded altar of an unknown god.
  2420 | D:3      | Found a transporter.
  2433 | D:3      | Noticed Robin
  2505 | D:3      | Killed Robin
  2710 | D:4      | Reached XP level 6. HP: 49/49 MP: 6/6
  2710 | D:4      | Reached *** piety under Trog
  2785 | D:4      | Reached skill level 7 in Polearms
  2931 | D:4      | Reached skill level 5 in Dodging
  3337 | D:4      | Reached skill level 5 in Fighting
  3337 | D:4      | Reached XP level 7. HP: 56/56 MP: 7/7
  3685 | D:5      | Entered Level 5 of the Dungeon
  3754 | D:5      | Identified a scroll of acquirement
  3754 | D:5      | Acquired a manual of Fighting
  3774 | D:5      | Reached skill level 8 in Polearms
  3817 | D:5      | Found a shadowy altar of Dithmenos.
  3865 | D:5      | Found a basalt altar of Yredelemnul.
  4133 | D:5      | Reached skill level 9 in Polearms
  4309 | D:5      | Reached XP level 8. HP: 58/65 MP: 8/8
  5018 | D:6      | Found a staircase to the Ecumenical Temple.
  5266 | D:6      | Reached skill level 10 in Polearms
  5647 | D:6      | Reached skill level 11 in Polearms
  5647 | D:6      | Reached XP level 9. HP: 74/74 MP: 9/9
  5711 | D:7      | Reached **** piety under Trog
  5916 | D:7      | Reached skill level 12 in Polearms
  6737 | D:8      | Reached skill level 10 in Fighting
  6777 | D:8      | Reached skill level 13 in Polearms
  6781 | D:8      | Reached XP level 10. HP: 61/86 MP: 10/10
  6875 | D:8      | Reached skill level 5 in Armour
  6975 | D:8      | Reached skill level 14 in Polearms
  7166 | D:8      | Reached ***** piety under Trog
  7647 | D:9      | Found a flagged portal.
  7663 | Bailey   | Entered a bailey
  7690 | Bailey   | Reached skill level 1 in Throwing
  7894 | Bailey   | Identified the +11 morningstar of Equivalence {flame, *Rage
                  | rN+ Dex+2 SInv}
  7932 | Bailey   | HP: 5/133 [orc warrior/the +11 morningstar of Equivalence
                  | {flame, *Rage rN+ Dex+2 SInv} (2)]
  8134 | Bailey   | Found a burning altar of Makhleb.
  8223 | D:9      | Found a staircase to the Orcish Mines.
  8279 | D:9      | Reached skill level 15 in Polearms
  8294 | D:9      | Reached XP level 11. HP: 95/95 MP: 11/11
  8360 | D:9      | Identified the +2 dire flail of Quybruv {heavy, rC++ Dex+6}
                  | (Trog gifted it to you on level 9 of the Dungeon)
  8360 | D:9      | Received a gift from Trog
  8633 | D:9      | Found a burning altar of Makhleb.
  8982 | D:10     | Entered Level 10 of the Dungeon
  9067 | D:10     | Found a staircase to the Lair.
  9078 | D:10     | Found a runed translucent door.
  9079 | D:10     | Noticed a sixfirhy
  9132 | D:10     | Reached skill level 16 in Polearms
  9329 | D:10     | Found Mociwn's Specific Store.
  9348 | D:10     | Found Huhaut's General Store.
  9370 | D:10     | Identified the +4 chain mail of the Trees {+Blink rElec
                  | Int-4 Dex+6}
  9429 | D:10     | Found a runed translucent gate.
  9430 | D:10     | Found a runed translucent gate.
  9430 | D:10     | Noticed lotum's ghost (journeyman DsHW)
  9431 | D:10     | Found a runed translucent gate.
  9683 | D:11     | Noticed a two-headed ogre
  9694 | D:11     | Killed a two-headed ogre
  9695 | D:11     | Reached skill level 1 in Evocations
  9717 | D:11     | Reached skill level 5 in Throwing
  9838 | D:11     | Noticed Amaemon
  9844 | D:11     | Killed Amaemon
  9976 | D:11     | Noticed a cyclops
  9984 | D:11     | Killed a cyclops
 10622 | D:11     | Noticed a red ugly thing
 10630 | D:11     | Killed a red ugly thing
 10631 | D:11     | Reached skill level 17 in Polearms
 10631 | D:11     | Reached XP level 12. HP: 102/102 MP: 12/12
 10739 | Lair:1   | Entered Level 1 of the Lair of Beasts
 10849 | Lair:1   | Noticed a catoblepas
 10890 | Lair:1   | Killed a catoblepas
 11192 | Lair:1   | Reached skill level 5 in Evocations
 11492 | Lair:1   | Acquired the +7 storm dragon scales of the Meadowlark
                  | {rElec rCorr}
 11930 | Lair:2   | Noticed a seven-headed hydra
 11940 | Lair:2   | Killed a seven-headed hydra
 12122 | Lair:2   | Reached skill level 18 in Polearms
 12313 | Lair:2   | You fall into a shaft and drop 2 floors!
 12313 | Lair:4   | Noticed a four-headed hydra
 12316 | Lair:4   | Noticed a six-headed hydra
 12321 | Lair:4   | Killed a four-headed hydra
 12322 | Lair:4   | Reached XP level 13. HP: 108/108 MP: 13/13
 12437 | Lair:4   | Reached skill level 19 in Polearms
 12618 | Lair:4   | Reached skill level 10 in Throwing
 12805 | Lair:2   | Found a staircase to the Snake Pit.
 12983 | Lair:3   | Received a gift from Trog
 13451 | Lair:3   | Found a staircase to the Shoals.
 13780 | Lair:4   | Reached skill level 20 in Polearms
 14733 | Lair:5   | Entered Level 5 of the Lair of Beasts
 14950 | Lair:5   | Reached XP level 14. HP: 118/118 MP: 14/14
 15284 | Lair:5   | Found a staircase to the Slime Pits.
 15284 | Lair:5   | Found a viscous altar of Jiyva.
 15873 | Lair:5   | Identified the +2 long sword "Arcanum" {speed, rPois rC+}
 15998 | Lair:5   | Identified the ring "Purro" {Ice Str+2}
 16782 | D:12     | Received a gift from Trog
 17120 | D:10     | Bought a scroll of acquirement for 780 gold pieces
 17121 | D:10     | Acquired a +2 bardiche of flaming
 17204 | D:13     | HP: 3/121 [meliai/+0 hand axe (8)]
 17205 | D:12     | Succumbed to a meliai's poison

Illustrated notes

Levels and vault maps discovered:
D:1:      onia_arrival_handbag, layout_basic
D:2:      layout_basic, chequers_serial_rivers_large_b,
          kennysheep_cluttered_room, minmay_ruptured
D:3:      layout_rooms, gammafunk_ghost_arena, chequers_ecumenical_altar_grove,
          uniq_jessica, uniq_robin
D:4:      layout_gridville
D:5:      kennysheep_six_static_rooms, layout_cave_pods, jmf_multi_god_temple
D:6:      layout_basic, minmay_temple_entry_statues_fountains, solitary_fountain
D:7:      layout_cave_pools
D:8:      layout_basic, st_stairs_11, minivault_19
D:9:      layout_roguey [special_room_bee], lightli_temple_of_fire, orc_0_dummy,
          enter_bailey_3, serial_bayou_lagoon_b
D:10:     cheibrodos_shockbox, layout_rooms, dpeg_oklobed_lair,
          gammafunk_ghost_nasty_kobolds, nicolae_specific_store
D:11:     wad_crossroads, layout_loops_corners, ebering_dispersal_statue_hall,
          uniq_amaemon
D:12:     layout_loops_ring, minmay_crystal_water
D:13:     layout_roguey, hangedman_vaults_entry_quadrant_bands
Lair:1:   layout_layer_cave, grunt_megastairs_1
Lair:2:   layout_gridlike, guppyfry_snake_entry_garden, serial_bayou_pond_b
Lair:3:   layout_gridlike, minmay_shoals_entry_lonely_mermaid,
          minmay_lair_oklob_bushes, grunt_megastairs_5
Lair:4:   layout_regular_city, serial_bayou_pond_b
Lair:5:   evilmike_catoblepas_cave, layout_small_grid, slime_entry_1,
          grunt_megastairs_4

Skill      XL: |  1  2  3  4  5  6  7  8  9 10 11 12 13 14 |
---------------+-------------------------------------------+-----
Dodging        | 3 4 5 |  5.1
Polearms       | 5 6 7 9 11 13 15 17 18 20 | 20.0
Fighting       | 4 5 6 8 10 12 13 14 | 14.6
Armour         | 2 3 4 5 6 8 |  8.8
Throwing       | 2 6 9 11 12 | 12.0
Evocations     | 4 6 |  6.0

Action                     |  1- 3 |  4- 6 |  7- 9 | 10-12 | 13-15 || total
---------------------------+-------+-------+-------+-------+-------++-------
  Melee: Spear             |   107 |   214 |       |       |       ||   321
         Punch             |     2 |     3 |       |     1 |     1 ||     7
         Halberd           |       |    12 |   365 |   572 |   197 ||  1146
         Trident           |       |       |       |    12 |    58 ||    70
         Glaive            |       |       |       |       |   407 ||   407
         Bardiche          |       |       |       |       |     6 ||     6
  Throw: Dart              |       |       |       |     4 |    25 ||    29
         Boomerang         |       |       |       |       |    29 ||    29
         Throwing net      |       |       |       |       |     1 ||     1
 Invoke: Berserk           |     1 |     7 |     6 |     8 |    10 ||    32
         Trog's Hand       |       |     3 |     2 |     5 |     1 ||    11
Ability: Evoke Blink       |       |       |       |     1 |       ||     1
  Evoke: Wand              |       |       |       |       |     1 ||     1
    Use: Potion            |       |     1 |       |       |       ||     1
         Scroll            |       |       |    16 |    13 |     3 ||    32
   Stab: Sleeping          |     1 |       |       |       |       ||     1
         Petrified         |       |       |       |     1 |     5 ||     6
         Petrifying        |       |       |       |     1 |       ||     1
         Paralysed         |       |       |       |       |     8 ||     8
 Armour: Animal skin       |     2 |       |       |       |       ||     2
         Ring mail         |    12 |     1 |       |       |       ||    13
         Chain mail        |       |    78 |   198 |    63 |       ||   339
         Plate armour      |       |       |    29 |   131 |       ||   160
         Storm dragon scal |       |       |       |    76 |   372 ||   448
  Dodge: Dodged            |    42 |    69 |   141 |   157 |   203 ||   612

Table legend: (Time is in decaauts)
 A = Elapsed time spent in this place.
 B = Non-inter-level travel time spent in this place.
 C = Inter-level travel time spent in this place.
 D = Time resting spent in this place.
 E = Time spent auto-exploring this place.
 F = Levels seen in this place.
 G = Mean time per level.
                   A        B        C        D        E       F      G
               +--------+--------+--------+--------+--------+-----+--------+
         Total |  16939 |  15838 |   1101 |   1408 |  11100 |  19 |  891.5 |
       Dungeon |  10981 |  10171 |    810 |    770 |   7340 |  13 |  844.7 |
          Lair |   5450 |   5160 |    290 |    384 |   3720 |   5 | 1090.0 |
        Bailey |    507 |    507 |      0 |    253 |     39 |   1 |  507.0 |
               +--------+--------+--------+--------+--------+-----+--------+

Top non-repeatable levels by time:
  Lair:5: 1425 daAuts
     D:5: 1396 daAuts
  Lair:4: 1332 daAuts
     D:2: 1146 daAuts
  Lair:1: 1082 daAuts
    D:11: 1067 daAuts
     D:4: 1001 daAuts
     D:1: 950 daAuts
     D:8: 902 daAuts
  Lair:3: 890 daAuts
     D:9: 849 daAuts
     D:7: 831 daAuts
    D:10: 824 daAuts
  Lair:2: 719 daAuts
     D:6: 715 daAuts
